TOP OF THE 1ST |
Hammond Herons batting - Pitching for Phoenix Hotspur U-21 : RHP Leon von Stroheim
|
Pitching: RHP Leon von Stroheim
|
|
Batting: RHB Spartak Gonjarov
|
0-0: Swinging Strike 0-1: SINGLE (Line Drive, 34)
|
Batting: LHB Raymond Dudzinski
|
0-0: DOUBLE (Flyball, 8LD) Spartak Gonjarov to third
|
Batting: RHB Norm Freshwater
|
0-0: Ball 1-0: Foul Ball, location: 2F 1-1: Ground out 5-3 (Groundball, 56) Spartak Gonjarov scores
|
Batting: RHB Berihun Tukufu
|
0-0: Ball 1-0: Ground out 6-3 (Groundball, 6)
|
Batting: RHB Jong-beom Chang
|
0-0: Ball 1-0: Fly out, F9 (Flyball, 9D)
|
Top of the 1st over - 1 run, 2 hits, 0 errors, 1 left on base; Hammond 1 - Phoenix 0 |
BOTTOM OF THE 1ST |
Phoenix Hotspur U-21 batting - Pitching for Hammond Herons : LHP Tom Hegedus
|
Pitching: LHP Tom Hegedus
|
|
Batting: RHB Jim Justice
|
0-0: Ball 1-0: Bunted foul 1-1: Foul Ball, location: 2F 1-2: Strikes out swinging
|
Batting: RHB Sinfronio Vitor
|
0-0: Ground out 2-3 (Groundball, 2L)
|
Batting: LHB Jason DeGeorge
|
0-0: Ball 1-0: Foul Ball, location: 2F 1-1: Swinging Strike 1-2: Foul Ball, location: 2F 1-2: Strikes out looking
|
Bottom of the 1st over - 0 runs, 0 hits, 0 errors, 0 left on base; Hammond 1 - Phoenix 0 |
TOP OF THE 2ND |
Hammond Herons batting - Pitching for Phoenix Hotspur U-21 : RHP Leon von Stroheim
|
Batting: RHB Juan Laguna
|
0-0: Called Strike 0-1: Ground out 5-3 (Groundball, 56S)
|
Batting: RHB John Wiser
|
0-0: Ball 1-0: Ball 2-0: Ball 3-0: Called Strike 3-1: Foul Ball, location: 2F 3-2: Strikes out swinging, 2-3 out at first.
|
Batting: RHB Sean Sherman
|
0-0: Ball 1-0: Ground out 5-3 (Groundball, 56)
|
Top of the 2nd over - 0 runs, 0 hits, 0 errors, 0 left on base; Hammond 1 - Phoenix 0 |
BOTTOM OF THE 2ND |
Phoenix Hotspur U-21 batting - Pitching for Hammond Herons : LHP Tom Hegedus
|
Batting: RHB Braylen Sampson
|
0-0: Foul Ball, location: 2F 0-1: Ball 1-1: Foul Ball, location: 2F 1-2: SINGLE (Line Drive, 34D)
|
Batting: LHB Damian Alldred
|
0-0: Ball 1-0: Ball 2-0: Called Strike 2-1: Foul Ball, location: 2F 2-2: Foul Ball, location: 2F 2-2: Fly out, F4 (Popup, 34D)
|
Batting: RHB Bill Poole
|
0-0: Called Strike 0-1: Foul Ball, location: 2F 0-2: Ball 1-2: Ball 2-2: Ball 3-2: Base on Balls Braylen Sampson to second
|
Batting: LHB Tyler Kinjeketile
|
0-0: Called Strike 0-1: Ball 1-1: Ball 2-1: Foul Ball, location: 2F 2-2: Foul Ball, location: 2F 2-2: SINGLE (Flyball, 9S) Braylen Sampson to third Bill Poole to second Runner from 3rd tries for Home, SAFE, throw made at trailing runner, SAFE at third!
|
Batting: RHB Bill Erickson
|
0-0: Fielders Choice at 2nd, 1-4 (Groundball, 15S)
|
Batting: RHB Félix Sosa
|
0-0: Ball 1-0: Swinging Strike 1-1: Ball 2-1: SINGLE (Line Drive, 8RS) Bill Poole scores Bill Erickson to second
|
Batting: RHB Jim Justice
|
0-0: Foul Ball, location: 2F 0-1: Called Strike 0-2: Strikes out swinging
|
Bottom of the 2nd over - 2 runs, 3 hits, 0 errors, 2 left on base; Hammond 1 - Phoenix 2 |
TOP OF THE 3RD |
Hammond Herons batting - Pitching for Phoenix Hotspur U-21 : RHP Leon von Stroheim
|
Batting: RHB Armando Romero
|
0-0: Called Strike 0-1: Foul Ball, location: 2F 0-2: Strikes out swinging
|
Batting: RHB Spartak Gonjarov
|
0-0: SINGLE (Groundball, 4D)
|
Batting: LHB Raymond Dudzinski
|
0-0: Foul Ball, location: 2F 0-1: Ball 1-1: Foul Ball, location: 2F 1-2: SINGLE (Groundball, 56D) Spartak Gonjarov to second
|
Batting: RHB Norm Freshwater
|
0-0: Ball 1-0: Fielders Choice at 2nd, 3-6 (Groundball, 34) Spartak Gonjarov to third
|
Batting: RHB Berihun Tukufu
|
0-0: Ball Pickoff Throw by Catcher to First - Out!
|
Top of the 3rd over - 0 runs, 2 hits, 0 errors, 1 left on base; Hammond 1 - Phoenix 2 |
BOTTOM OF THE 3RD |
Phoenix Hotspur U-21 batting - Pitching for Hammond Herons : LHP Tom Hegedus
|
Batting: RHB Sinfronio Vitor
|
0-0: Called Strike 0-1: Ball 1-1: Swinging Strike 1-2: Foul Ball, location: 2F 1-2: Hit by Pitch
|
Batting: LHB Jason DeGeorge
|
0-0: Ball Sinfronio Vitor is caught stealing 2nd base 1-0: Ball 2-0: Called Strike 2-1: Swinging Strike 2-2: Fly out, F8 (Flyball, 8RD)
|
Batting: RHB Braylen Sampson
|
0-0: Hit by Pitch
|
Batting: LHB Damian Alldred
|
0-0: Called Strike 0-1: Ball 1-1: Swinging Strike 1-2: Foul Ball, location: 2F 1-2: SINGLE (Flyball, 78S) Braylen Sampson to second
|
Batting: RHB Bill Poole
|
0-0: Foul Ball, location: 2F 0-1: Ball 1-1: Ball 2-1: Fly out, F9 (Flyball, 9LD)
|
Bottom of the 3rd over - 0 runs, 1 hit, 0 errors, 2 left on base; Hammond 1 - Phoenix 2 |
TOP OF THE 4TH |
Hammond Herons batting - Pitching for Phoenix Hotspur U-21 : RHP Leon von Stroheim
|
Batting: RHB Berihun Tukufu
|
0-0: Ball 1-0: Foul Ball, location: 2F 1-1: Called Strike 1-2: Strikes out looking
|
Batting: RHB Jong-beom Chang
|
0-0: Swinging Strike 0-1: Ball 1-1: Swinging Strike 1-2: Foul Ball, location: 2F 1-2: Strikes out swinging
|
Batting: RHB Juan Laguna
|
0-0: Foul Ball, location: 2F 0-1: Ball 1-1: Swinging Strike 1-2: SINGLE (Groundball, 34D)
|
Batting: RHB John Wiser
|
0-0: Ball 1-0: Ball 2-0: Foul Ball, location: 2F 2-1: Ball 3-1: Foul Ball, location: 2F 3-2: Fly out, F9 (Flyball, 9D)
|
Top of the 4th over - 0 runs, 1 hit, 0 errors, 1 left on base; Hammond 1 - Phoenix 2 |
BOTTOM OF THE 4TH |
Phoenix Hotspur U-21 batting - Pitching for Hammond Herons : LHP Tom Hegedus
|
Batting: LHB Tyler Kinjeketile
|
0-0: Ball 1-0: Ball 2-0: Called Strike 2-1: Ground out 4-3 (Groundball, 4)
|
Batting: RHB Bill Erickson
|
0-0: Called Strike 0-1: Ball 1-1: Ball 2-1: Foul Ball, location: 2F 2-2: DOUBLE (Line Drive, 9D)
|
Batting: RHB Félix Sosa
|
0-0: Ball 1-0: Foul Ball, location: 2F 1-1: Called Strike 1-2: Ball 2-2: Ball 3-2: Strikes out swinging
|
Batting: RHB Jim Justice
|
0-0: Ball 1-0: Swinging Strike 1-1: Ball 2-1: Foul Ball, location: 2F 2-2: Ball 3-2: Fly out, F9 (Flyball, 9S)
|
Bottom of the 4th over - 0 runs, 1 hit, 0 errors, 1 left on base; Hammond 1 - Phoenix 2 |
TOP OF THE 5TH |
Hammond Herons batting - Pitching for Phoenix Hotspur U-21 : RHP Leon von Stroheim
|
Batting: RHB Sean Sherman
|
0-0: Ball 1-0: Fly out, F6 (Popup, 6S)
|
Batting: RHB Armando Romero
|
0-0: Ball 1-0: Called Strike 1-1: Called Strike 1-2: Strikes out looking
|
Batting: RHB Spartak Gonjarov
|
0-0: Ball 1-0: Swinging Strike 1-1: Called Strike 1-2: Ball 2-2: Strikes out looking
|
Top of the 5th over - 0 runs, 0 hits, 0 errors, 0 left on base; Hammond 1 - Phoenix 2 |
BOTTOM OF THE 5TH |
Phoenix Hotspur U-21 batting - Pitching for Hammond Herons : LHP Tom Hegedus
|
Batting: RHB Sinfronio Vitor
|
0-0: Ball 1-0: Bunt missed! 1-1: Foul Ball, location: 2F 1-2: Foul Ball, location: 2F 1-2: Ball 2-2: Foul Ball, location: 2F 2-2: Ground out 5-3 (Groundball, 56)
|
Batting: LHB Jason DeGeorge
|
0-0: Ball 1-0: Ball 2-0: Called Strike 2-1: SINGLE (Groundball, 3D)
|
Batting: RHB Braylen Sampson
|
0-0: SINGLE (Flyball, 7S) Jason DeGeorge to second
|
Batting: LHB Damian Alldred
|
0-0: Ball 1-0: SINGLE (Groundball, 6MD) Jason DeGeorge to third Braylen Sampson to second Runner from 3rd tries for Home, SAFE, no throw
|
Batting: RHB Bill Poole
|
0-0: Foul Ball, location: 2F 0-1: Fly out, F4 (Popup, 4S)
|
Batting: LHB Tyler Kinjeketile
|
0-0: Ball 1-0: Ball 2-0: Ball 3-0: Called Strike 3-1: Foul Ball, location: 2F 3-2: Ground out 4-3 (Groundball, 4)
|
Bottom of the 5th over - 1 run, 3 hits, 0 errors, 2 left on base; Hammond 1 - Phoenix 3 |
TOP OF THE 6TH |
Hammond Herons batting - Pitching for Phoenix Hotspur U-21 : RHP Leon von Stroheim
|
Batting: LHB Raymond Dudzinski
|
0-0: Ball 1-0: Called Strike 1-1: Foul Ball, location: 2F 1-2: Ball 2-2: Strikes out swinging
|
Batting: RHB Norm Freshwater
|
0-0: Called Strike 0-1: Foul Ball, location: 2F 0-2: Ball 1-2: Ground out 4-3 (Groundball, 4)
|
Batting: RHB Berihun Tukufu
|
0-0: Ball 1-0: Ball 2-0: Foul Ball, location: 2F 2-1: Ball 3-1: Fly out, F8 (Flyball, 8LS)
|
Top of the 6th over - 0 runs, 0 hits, 0 errors, 0 left on base; Hammond 1 - Phoenix 3 |
BOTTOM OF THE 6TH |
Phoenix Hotspur U-21 batting - Pitching for Hammond Herons : LHP Tom Hegedus
|
Batting: RHB Bill Erickson
|
0-0: Ball 1-0: Called Strike 1-1: Foul Ball, location: 2F 1-2: Foul Ball, location: 2F 1-2: Strikes out swinging
|
Batting: RHB Félix Sosa
|
0-0: Called Strike 0-1: Ball 1-1: Called Strike 1-2: Hit by Pitch
|
Pitching: RHP Sun Kwan
|
|
Batting: RHB Jim Justice
|
0-0: Ball 1-0: Ball 2-0: Foul Ball, location: 2F 2-1: Foul Ball, location: 2F 2-2: Fly out, F9 (Flyball, 9S)
|
Batting: RHB Sinfronio Vitor
|
0-0: Ball 1-0: Swinging Strike 1-1: Ball 2-1: SINGLE (Groundball, 56D) Félix Sosa to second
|
Batting: LHB Jason DeGeorge
|
0-0: Ball 1-0: Foul Ball, location: 2F 1-1: Ball 2-1: Called Strike 2-2: Ball 3-2: Foul Ball, location: 2F 3-2: SINGLE (Groundball, 4MD) Félix Sosa to third Sinfronio Vitor to second Félix Sosa scores Sinfronio Vitor to third
|
Batting: RHB Braylen Sampson
|
0-0: Called Strike 0-1: Ball 1-1: Ball 2-1: Foul Ball, location: 2F 2-2: Strikes out swinging
|
Bottom of the 6th over - 1 run, 2 hits, 0 errors, 2 left on base; Hammond 1 - Phoenix 4 |
TOP OF THE 7TH |
Hammond Herons batting - Pitching for Phoenix Hotspur U-21 : RHP Leon von Stroheim
|
Now at 1B: Enrico Sandoval
|
|
Batting: RHB Jong-beom Chang
|
0-0: Ball 1-0: Swinging Strike 1-1: Fly out, F8 (Flyball, 8RD)
|
Batting: RHB Juan Laguna
|
0-0: Called Strike 0-1: Ball 1-1: Ground out 6-3 (Groundball, 6)
|
Batting: RHB John Wiser
|
0-0: Called Strike 0-1: Ball 1-1: Ball 2-1: Foul Ball, location: 2F 2-2: DOUBLE (Line Drive, 7LM)
|
Batting: RHB Sean Sherman
|
0-0: Fly out, F9 (Flyball, 9S)
|
Top of the 7th over - 0 runs, 1 hit, 0 errors, 1 left on base; Hammond 1 - Phoenix 4 |
BOTTOM OF THE 7TH |
Phoenix Hotspur U-21 batting - Pitching for Hammond Herons : RHP Sun Kwan
|
Batting: LHB Damian Alldred
|
0-0: Swinging Strike 0-1: Ball 1-1: Foul Ball, location: 2F 1-2: Single, Error in OF, E9, batter to second base
|
Batting: RHB Bill Poole
|
0-0: Ball 1-0: Foul Ball, location: 2F 1-1: Foul Ball, location: 2F 1-2: Foul Ball, location: 2F 1-2: Ball 2-2: Strikes out swinging
|
Batting: LHB Tyler Kinjeketile
|
0-0: Intentional Walk
|
Batting: RHB Bill Erickson
|
0-0: Called Strike 0-1: Ball 1-1: Ball 2-1: SINGLE (Line Drive, 4M) Damian Alldred to third Tyler Kinjeketile to second
|
Pinch Hitting: RHB Juan Negrete
|
0-0: Called Strike 0-1: Ball 1-1: Called Strike 1-2: Ball 2-2: Foul Ball, location: 2F 2-2: Ball 3-2: Strikes out swinging
|
Batting: RHB Jim Justice
|
0-0: Called Strike 0-1: Called Strike 0-2: Strikes out looking
|
Bottom of the 7th over - 0 runs, 2 hits, 1 error, 3 left on base; Hammond 1 - Phoenix 4 |
TOP OF THE 8TH |
Hammond Herons batting - Pitching for Phoenix Hotspur U-21 : RHP Leon von Stroheim
|
Now at 3B: Greg Billingsley
|
|
Now in RF: Joseph Antoine
|
|
Batting: RHB Armando Romero
|
0-0: Called Strike 0-1: Called Strike 0-2: Strikes out looking
|
Batting: RHB Spartak Gonjarov
|
0-0: Ball 1-0: Called Strike 1-1: Ball 2-1: Called Strike 2-2: Foul Ball, location: 2F 2-2: Reached on error, E6 (Groundball, 6MS)
|
Batting: LHB Raymond Dudzinski
|
0-0: Hit by Pitch
|
Batting: RHB Norm Freshwater
|
0-0: Single, Error in OF, E8, batter to second base Spartak Gonjarov scores Raymond Dudzinski to third
|
Batting: RHB Berihun Tukufu
|
0-0: Ball 1-0: Ground out 6-3 (Groundball, 6)
|
Batting: RHB Jong-beom Chang
|
0-0: Foul Ball, location: 2F 0-1: Swinging Strike 0-2: Foul Ball, location: 2F 0-2: Strikes out swinging
|
Top of the 8th over - 1 run, 1 hit, 2 errors, 2 left on base; Hammond 2 - Phoenix 4 |
BOTTOM OF THE 8TH |
Phoenix Hotspur U-21 batting - Pitching for Hammond Herons : RHP Sun Kwan
|
Batting: RHB Sinfronio Vitor
|
0-0: Swinging Strike 0-1: Ball 1-1: Foul Ball, location: 2F 1-2: Strikes out swinging
|
Batting: LHB Jason DeGeorge
|
0-0: Called Strike 0-1: Called Strike 0-2: Strikes out swinging
|
Batting: LHB Enrico Sandoval
|
0-0: Foul Ball, location: 2F 0-1: Ball 1-1: Ball 2-1: Ground out 4-3 (Groundball, 4S)
|
Bottom of the 8th over - 0 runs, 0 hits, 0 errors, 0 left on base; Hammond 2 - Phoenix 4 |
TOP OF THE 9TH |
Hammond Herons batting - Pitching for Phoenix Hotspur U-21 : RHP Leon von Stroheim
|
Pitching: RHP Jason MacDonald
|
|
Batting: RHB Juan Laguna
|
0-0: Ball 1-0: Called Strike 1-1: Ball 2-1: Swinging Strike 2-2: Strikes out looking
|
Batting: RHB John Wiser
|
0-0: Called Strike 0-1: Ball 1-1: Swinging Strike 1-2: Strikes out looking
|
Batting: RHB Sean Sherman
|
0-0: Called Strike 0-1: Ball 1-1: Fly out, F7 (Flyball, 7S)
|
Top of the 9th over - 0 runs, 0 hits, 0 errors, 0 left on base; Hammond 2 - Phoenix 4 |
|